 Dungeon Crawl Stone Soup version 0.15-a0-2151-gce93697 (webtiles) character file.

1155 PolkaDot the Jinx (level 8, -13/52 HPs)
             Began as a Vampire Enchanter on July 19, 2014.
             Was an Initiate of Ashenzari.
             Mangled by Duvessa
             ... wielding a +0 cutlass
              (18 damage)
             ... on Level 5 of the Dungeon.
             The game lasted 00:20:17 (5592 turns).

PolkaDot the Jinx (Vampire Enchanter)               Turns: 5592, Time: 00:20:17

HP -13/52        AC  0     Str  7      XL: 8   Next: 16%
MP   3/13        EV 12     Int 19      God: Ashenzari [......]
Gold 211         SH  0     Dex 14      Spells:  4 memorised,  1 level left

rFire  . . .     SeeInvis +     a - +1 dagger
rCold  + + .     Clarity  .     b - +1 robe
rNeg   + + +     rCorr    .     (no shield)
rPois  +         rRot     +     (no helmet)
rElec  .         Spirit   .     (no cloak)
SustAb .         Warding  .     (no gloves)
rMut   .         Stasis   .     (no boots)
Gourm  .                        (no amulet)
MR     .....                    (no ring)
                                h - cursed -3 ring of protection

@: very slightly contaminated, bloodless, non-regenerating, invisible, not
resistant to hostile enchantments, quite stealthy
A: bottle blood, fangs 3, see invisible, unbreathing
a: Bat Form, Bottle Blood, Renounce Religion


You were on level 5 of the Dungeon.
You worshipped Ashenzari.
Ashenzari was noncommittal.
You were bloodless.

You visited 1 branch of the dungeon, and saw 5 of its levels.

You collected 211 gold pieces.

Inventory:

Hand weapons
 a - a +1 dagger (weapon)
Missiles
 d - a throwing net (quivered)
Armour
 b - a +1 robe (worn)
Magical devices
 p - a wand of random effects (12) {unknown}
Scrolls
 g - a scroll of teleportation {unknown}
 i - 3 scrolls of identify
 j - a scroll of recharging {unknown}
 k - 2 scrolls of immolation {unknown}
 l - 2 scrolls of amnesia {unknown}
 m - 2 scrolls of blinking {unknown}
 r - a scroll of fear {unknown}
Jewellery
 h - a cursed -3 ring of protection (left hand)
Potions
 f - a potion of curing
 n - a potion of agility
 o - a potion of resistance {unknown}
 q - a potion of brilliance {unknown}
 s - a potion of cancellation {unknown}
Books
 c - a book of Maledictions

   Spells                             Type                      Level
   *Corona                            Hexes                        1
   Sure Blade                         Hexes/Charms                 2
   *Ensorcelled Hibernation           Hexes/Ice                    2
   *Confuse                           Hexes                        3
   Dazzling Spray                     Conjuration/Hexes            3
   *Enslavement                       Hexes                        4


   Skills:
 * Level 5.5 Short Blades
 - Level 2.1 Dodging
 + Level 8.4 Stealth
 - Level 2.0 Spellcasting
 + Level 10.4 Hexes
 - Level 1.1 Ice Magic


You had one spell level left.
You knew the following spells:

 Your Spells              Type           Power        Failure   Level  Hunger
a - Corona                Hex            #####..      1%          1    #......
c - Confuse               Hex            #####...     1%          3    ####...
d - Ensorcelled Hibernat  Hex/Ice        ###...       2%          2    ##.....
e - Enslavement           Hex            #####...     2%          4    #####..


Dungeon Overview and Level Annotations

Branches:
Dungeon (5/15)
 Temple: D:4-7

Altars:
Ashenzari
Cheibriados
Makhleb
Vehumet
Xom
Zin

Annotations:
D:5 Duvessa


Innate Abilities, Weirdness & Mutations

You do not heal naturally.
You can bottle blood from corpses.
You have razor-sharp teeth.*
You have supernaturally acute eyesight.
You can survive without breathing.*


Message History

Duvessa, Sister of Dowan comes into view.
She is wielding a cutlass.
Duvessa goes berserk!
Things that are here:
an uncursed club; a goblin corpse Duvessa hits you with a cutlass!
Read which item? (? for menu, Esc to quit)
Okay, then.
Drink which item? (? for menu, Esc to quit)
You fade into invisibility!
Duvessa hits you with a cutlass!
* * * LOW HITPOINT WARNING * * *
You are very lightly contaminated with residual magic.
Duvessa barely misses you.
Things that are here:
an uncursed club; a goblin corpse Read which item? (? for menu, Esc to quit)
Okay, then.
Duvessa misses you. Duvessa hits you with a cutlass!!
You die...

.#................+...+.
'................##.##+
#......#+###+#....#.##.
###'##'##.....#....+..#.
#.............+....#..+.
+.............#>...#..#.
##.)########..#....#'##.
#..###).########..##+#....#.
+.........e@.......+ +..%.'.
#..[##+##########+## #....#.
#.. #...###. ... +...+... #
#...###. ...... ## ......
....


You could see Duvessa (berserk).

Vanquished Creatures
  The ghost of sose the Sneak, an average SpEn (D:3)
  A black bear (D:4)
  2 phantoms
  An ogre (D:4)
  2 scorpions
  Dowan (D:5)
  3 iguanas
  4 hounds
  An orc wizard (D:4)
  2 worker ants
  7 adders
  8 gnolls
  A giant mite (D:3)
  2 worms
  An iguana skeleton (D:4)
  5 giant geckos
  13 orcs
  4 giant cockroaches
  9 goblins
  8 hobgoblins
  9 jackals
  12 bats
  A goblin skeleton (D:4)
  12 kobolds
  2 orc skeletons
  3 quokkas
  12 rats
  A rat skeleton (D:4)
128 creatures vanquished.

Notes
Turn   | Place    | Note
--------------------------------------------------------------
     0 | D:1      | PolkaDot, the Vampire Enchanter, began the quest for the Orb.
     0 | D:1      | Reached XP level 1. HP: 13/13 MP: 3/3
   225 | D:1      | Reached XP level 2. HP: 19/19 MP: 4/4
   229 | D:1      | Learned a level 2 spell: Ensorcelled Hibernation
  1010 | D:2      | Reached XP level 3. HP: 24/24 MP: 0/6
  1181 | D:2      | Reached skill level 1 in Ice Magic
  1625 | D:2      | Found a shimmering altar of Xom.
  1638 | D:2      | You fall through a shaft for 2 floors!
  1825 | D:4      | Reached skill level 5 in Stealth
  1825 | D:4      | Reached skill level 5 in Hexes
  1825 | D:4      | Reached XP level 4. HP: 30/30 MP: 7/7
  1890 | D:4      | Found a shattered altar of Ashenzari.
  1893 | D:4      | Found a burning altar of Makhleb.
  1896 | D:4      | Found a glowing silver altar of Zin.
  1910 | D:4      | Became a worshipper of Ashenzari the Shackled
  1940 | D:4      | Learned a level 3 spell: Confuse
  2045 | D:3      | Reached skill level 6 in Hexes
  2067 | D:3      | Reached XP level 5. HP: 35/35 MP: 6/9
  2725 | D:3      | Noticed sose's ghost (average SpEn)
  2737 | D:3      | Killed sose's ghost
  2737 | D:3      | Reached skill level 7 in Hexes
  2737 | D:3      | Reached XP level 6. HP: 32/41 MP: 1/10
  3044 | D:3      | Found a snail-covered altar of Cheibriados.
  3318 | D:3      | Reached skill level 8 in Hexes
  3405 | D:4      | Noticed a scorpion
  3409 | D:4      | Killed a scorpion
  3626 | D:4      | Found a radiant altar of Vehumet.
  3922 | D:4      | Noticed a phantom
  3937 | D:4      | Killed a phantom
  3937 | D:4      | Reached skill level 9 in Hexes
  3937 | D:4      | Reached XP level 7. HP: 33/46 MP: 2/12
  4496 | D:4      | Noticed a black bear
  4496 | D:4      | Noticed an ogre
  4517 | D:4      | Killed an ogre
  4542 | D:4      | Killed a black bear
  4542 | D:4      | Reached skill level 10 in Hexes
  5292 | D:5      | Entered Level 5 of the Dungeon
  5295 | D:5      | Reached skill level 5 in Short Blades
  5295 | D:5      | Reached XP level 8. HP: 52/52 MP: 13/13
  5301 | D:5      | Learned a level 4 spell: Enslavement
  5574 | D:5      | Noticed Dowan
  5582 | D:5      | Killed Dowan
  5584 | D:5      | Noticed Duvessa
  5592 | D:5      | Mangled by Duvessa

Action                   |  1- 3 |  4- 6 |  7- 9 || total
-------------------------+-------+-------+-------++-------
Melee: Dagger            |    62 |   121 |   105 ||   288
 Cast: Ensorcelled Hiber |    13 |    48 |    32 ||    93
       Confuse           |       |     7 |     4 ||    11
  Use: Scroll            |     1 |     7 |       ||     8
       Potion            |       |     2 |     1 ||     3
 Stab: Sleeping          |    15 |    41 |    26 ||    82
       Confused          |       |     4 |     4 ||     8
       Invisible         |       |     2 |       ||     2
